 Dungeon Crawl Stone Soup version 0.22.1-2-g9c5b331 (webtiles) character file.

1012 Iscandelvey the Chopper (level 8, 61/61 HPs)
             Began as a Demonspawn Fighter on Dec 4, 2018.
             Got out of the dungeon alive.
             The game lasted 00:11:45 (3988 turns).

Iscandelvey the Chopper (Demonspawn Fighter)        Turns: 3988, Time: 00:11:46

Health: 61/61      AC:  8    Str: 18    XL:     8   Next: 1%
Magic:  8/8        EV:  8    Int:  9    God:
Gold:   372        SH:  9    Dex: 14    Spells: 7/7 levels left

rFire    + . .     SeeInvis .   a - +0 war axe
rCold    + + .     Gourm    .   c - +0 shield
rNeg     . . .     Faith    .   b - +0 scale mail
rPois    .         Spirit   .   (no helmet)
rElec    .         Reflect  .   s - scarf {rC+ rF+}
rCorr    .         Harm     .   e - +0 pair of gloves
MR       .....                  (no boots)
Stlth    +.........             (no amulet)
HPRegen  0.20/turn              (no ring)
MPRegen  0.11/turn              (no ring)

@: no status effects
A: hooves 2, cold resistance 1, nightstalker 1
a: no special abilities


You escaped.
You were not hungry.

You visited 1 branch of the dungeon, and saw 5 of its levels.

You collected 372 gold pieces.

Inventory:

Hand Weapons
 a - a +0 war axe (weapon)
 n - a +3 quarterstaff of chaos
 q - a +2 dagger of venom
Missiles
 x - 200 stones (quivered)
Armour
 b - a +0 scale mail (worn)
 c - a +0 shield (worn)
 e - a +0 pair of gloves (worn)
 o - a +0 cloak
 s - a scarf of resistance (worn)
Jewellery
 m - an uncursed ring of protection from magic
 u - a cursed ring of protection from magic
 y - an uncursed amulet of the gourmand {unknown}
Wands
 r - a wand of enslavement (5)
Scrolls
 g - a scroll of magic mapping {unknown}
 i - 4 scrolls of identify {unknown}
 j - 3 scrolls of remove curse {unknown}
 l - 3 scrolls of teleportation {unknown}
 p - 4 scrolls of noise {unknown}
 t - a scroll of immolation {unknown}
Potions
 d - a potion of heal wounds {unknown}
 h - a potion of curing {unknown}
 k - a potion of berserk rage {unknown}
 v - a potion of lignification {unknown}
 w - a potion of flight {unknown}
 A - a potion of magic {unknown}
 B - a potion of might
 C - a potion of invisibility {unknown}
Comestibles
 f - 7 rations
 z - a chunk of flesh


   Skills:
 + Level 4.4 Fighting
 + Level 6.2 Axes
 + Level 4.3 Armour
 + Level 1.2 Dodging
 + Level 0.5 Stealth
 + Level 4.2 Shields


You had 7 spell levels left.
You didn't know any spells.
Your spell library was empty.

Dungeon Overview and Level Annotations

Branches:
Dungeon (5/15)
 Temple: D:4-7

Altars:
Cheibriados
Dithmenos
Hepliaklqana

Shops:
D:5 [%*


Innate Abilities, Weirdness & Mutations

You have hoof-like feet.
Your flesh is cold resistant. (rC+)
You are slightly more attuned to the shadows.


Message History

There is a stone staircase leading up here.
You climb upwards.
There is a stone staircase leading down here.
You see here a glowing mace.
There is a stone staircase leading up here.
You climb upwards.
There is a stone staircase leading down here.
There is a stone staircase leading up here.
You climb upwards.
Eating one of 2 chunks of flesh.
You eat one of the 2 chunks of flesh.
This raw flesh tastes terrible.
There is a stone staircase leading down here.
There is a stone staircase leading up here.
You climb upwards.
There is a stone staircase leading down here.
x - 200 stones (gained 11)
There is an open door here.
There is a staircase leading out of the dungeon here.
There is a staircase leading out of the dungeon here.
Are you sure you want to leave the Dungeon?
This will make you lose the game!
You have escaped!

### ##@##
###...#
##.....##
###.......#
##.........#
###..........##
##.............#
#.......##8....#
#.#....8##.....#


There were no monsters in sight!

Vanquished Creatures
  A phantom (D:5)
  6 big kobolds (D:3)
  2 hounds (D:4)
  Crazy Yiuf (D:2)
  2 iguanas
  Natasha (thrice) (D:4)
  A hound skeleton (D:4)
  A howler monkey zombie (D:3)
  8 adders
  8 gnolls
  A howler monkey skeleton (D:4)
  An adder skeleton (D:5)
  3 worms
  A dart slug (D:1)
  3 leopard geckos
  2 ball pythons
  2 bats
  4 giant cockroaches
  9 hobgoblins
  12 jackals (D:1)
  4 frilled lizards
  3 goblins (D:1)
  46 kobolds
  A quokka skeleton (D:4)
  8 rats
133 creatures vanquished.

Notes
Turn   | Place    | Note
-------+----------+-------------------------------------------
     0 | D:1      | Iscandelvey the Demonspawn Fighter began the quest for the
                  | Orb.
     0 | D:1      | Reached XP level 1. HP: 18/18 MP: 1/1
    29 | D:1      | Gained mutation: You have large cloven feet. [demonic
                  | ancestry]
    29 | D:1      | Reached XP level 2. HP: 24/24 MP: 2/2
    45 | D:1      | Reached skill level 2 in Axes
   268 | D:1      | Reached XP level 3. HP: 29/29 MP: 3/3
   754 | D:2      | Found a snail-covered altar of Cheibriados.
   859 | D:2      | Found a runed door.
   891 | D:2      | Noticed Crazy Yiuf
   899 | D:2      | Killed Crazy Yiuf
   899 | D:2      | Reached XP level 4. HP: 15/35 MP: 4/4
   950 | D:2      | Reached skill level 3 in Axes
  1835 | D:3      | Gained mutation: Your flesh is cold resistant. (rC+)
                  | [demonic ancestry]
  1835 | D:3      | Reached XP level 5. HP: 38/41 MP: 5/5
  2047 | D:3      | Reached skill level 4 in Axes
  2160 | D:3      | Reached XP level 6. HP: 7/48 MP: 6/6
  2728 | D:3      | Reached skill level 1 in Dodging
  2740 | D:3      | Reached skill level 5 in Axes
  2740 | D:3      | Gained mutation: You have hoof-like feet. [demonic
                  | ancestry]
  2740 | D:3      | Reached XP level 7. HP: 43/54 MP: 7/7
  2956 | D:4      | Noticed Natasha
  3155 | D:4      | Killed Natasha
  3306 | D:4      | Noticed Natasha
  3309 | D:4      | Killed Natasha
  3428 | D:4      | Noticed Natasha
  3438 | D:4      | Killed Natasha
  3653 | D:4      | Found a hazy altar of Hepliaklqana.
  3714 | D:5      | Entered Level 5 of the Dungeon
  3714 | D:5      | Found a shadowy altar of Dithmenos.
  3714 | D:5      | Found Uphyvvu's Antique Armour Boutique.
  3734 | D:5      | Found Ekuep's Food Shoppe.
  3764 | D:5      | Reached skill level 6 in Axes
  3806 | D:5      | Found Vufiom's General Store.
  3840 | D:5      | Gained mutation: You are slightly more attuned to the
                  | shadows. [demonic ancestry]
  3840 | D:5      | Reached XP level 8. HP: 54/61 MP: 8/8
  3988 | D:$      | Got out of the dungeon alive.

Skill      XL: |  1  2  3  4  5  6  7 |
---------------+----------------------+-----
Axes           | 2 3 4 5 6 |  6.2
Armour         | 3 4 |  4.3
Shields        | 3 4 |  4.2
Fighting       | 4 |  4.4
Dodging        | 1 |  1.2
Stealth        | |  0.5

Action                   |  1- 3 |  4- 6 |  7- 9 || total
-------------------------+-------+-------+-------++-------
Melee: War axe           |    97 |   143 |   121 ||   361
       Kick              |    19 |    34 |    35 ||    88
  Use: Potion            |       |     1 |       ||     1
  Eat: Chunk             |       |     6 |     5 ||    11
Armor: Scale mail        |    68 |    67 |    45 ||   180
Dodge: Dodged            |    37 |    57 |    35 ||   129
Block: Shield            |    63 |   101 |    69 ||   233
